 Dungeon Crawl Stone Soup version 0.26.1-2-gb8aa6d0cf2 (webtiles) character file.

Game seed: 12603936935141288209

7 Groucho the Sneak (level 1, -3/9 HPs)
             Began as a Spriggan Enchanter on Feb 17, 2021.
             Slain by a hobgoblin
             ... wielding a +0 club
              (4 damage)
             ... on level 2 of the Dungeon.
             The game lasted 00:00:51 (392 turns).

Groucho the Sneak (Spriggan Enchanter)               Turns: 392, Time: 00:00:51

Health: -3/9       AC:  2    Str:  4    XL:     1   Next: 91%
Magic:  5/5        EV: 18    Int: 16    God:
Gold:   0          SH:  0    Dex: 16    Spells: 4/5 levels left

rFire    . . .     SeeInvis +   a - +1 dagger
rCold    . . .     Faith    .   (shield restricted)
rNeg     . . .     Spirit   .   b - +0 robe
rPois    .         Reflect  .   (helmet restricted)
rElec    .         Harm     .   (no cloak)
rCorr    .         Rampage  .   (gloves unavailable)
Will     .....                  (boots unavailable)
Stlth    +++.......             (no amulet)
HPRegen  0.03/turn              (no ring)
MPRegen  0.09/turn              (no ring)

@: very quick
A: very small, unfitting armour, see invisible, speed 3
a: no special abilities


You were on level 2 of the Dungeon.
You visited 1 branch of the dungeon, and saw 2 of its levels.

Inventory:

Hand Weapons
 a - a +1 dagger (weapon)
Armour
 b - a +0 robe (worn)
Jewellery
 e - a cursed ring of teleportation {unknown}
 f - an uncursed amulet of regeneration {unknown}
Potions
 c - a potion of curing {unknown}
 d - a potion of cancellation {unknown}


   Skills:
 - Level 1.1 Short Blades
 - Level 3.0 Dodging
 * Level 5.3 Stealth
 - Level 2.6 Spellcasting
 - Level 3.6 Hexes


You had 4 spell levels left.
You knew the following spells:

 Your Spells              Type           Power        Failure   Level
a - Corona                Hex            14%          4%          1

Your spell library contained the following spells:

 Spells                   Type           Power        Failure   Level
 Confusing Touch          Hex            13%          13%         3
 Tukima's Dance           Hex            13%          13%         3
 Ensorcelled Hibernation  Hex/Ice        14%          14%         2
 Dazzling Flash           Conj/Hex       14%          28%         3


Dungeon Overview and Level Annotations

Branches:
Dungeon (2/15)

Altars:
Uskayaw


Innate Abilities, Weirdness & Mutations

You are very small and have problems with some larger weapons.
You are too small for most types of armour.
You have supernaturally acute eyesight. (SInv)
You cover ground extremely quickly.


Message History

You hit the rat.
The rat is severely wounded.
The hobgoblin misses you. The rat bites you.
* * * LOW HITPOINT WARNING * * *
You hit the rat.
You kill the rat!
The hobgoblin misses you.
Unknown command.
Unknown command.
You hit the dart slug but do no damage. The hobgoblin closely misses you.
You hit the dart slug.
The dart slug is moderately wounded.
The dart slug completely misses you. The hobgoblin misses you.
You hit the dart slug.
The dart slug is severely wounded.
The dart slug misses you. The hobgoblin closely misses you.
You hit the dart slug.
The dart slug is almost dead.
The hobgoblin hits you with a +0 club.
You die...

#..8..._...8
.....!)..b.
#.8.......8
##..........
g.8...... ..(..
..######g######..
.....Kw@.<......#
..######.####.###
...# #####


You could see a dart slug, a hobgoblin, a bat (asleep) and a kobold.

Vanquished Creatures
  A bat (D:1)
  A hobgoblin (D:1)
  4 kobolds (D:1)
  2 rats
8 creatures vanquished.

Notes
Turn   | Place    | Note
-------+----------+-------------------------------------------
     0 | D:1      | Groucho the Spriggan Enchanter began the quest for the Orb.
     0 | D:1      | Reached XP level 1. HP: 9/9 MP: 5/5
   293 | D:1      | Reached skill level 5 in Stealth
   379 | D:2      | Found a hide-covered altar of Uskayaw.
   392 | D:2      | Slain by a hobgoblin

Illustrated notes

Levels and vault maps discovered:
D:1:      minmay_arrival_shattered_statue, layout_basic,
          serial_co_window_serial, co_window_paths_a, co_window_paths_b,
          co_window_paths_a, co_window_paths_a, co_window_paths_a,
          co_window_broadway_a, co_window_corner_cb, co_window_broadway_c,
          co_window_broadway_b, glass_columns_a
D:2:      layout_loops_ring, kennysheep_vampire_church,
          eat_drink_and_be_merry_uskayaw, lemuel_round_altar,
          minmay_pentomino_v4

Skill      XL: |  1 |
---------------+----+-----
Stealth        | 5 |  5.3
Short Blades   | |  1.1
Dodging        | |  3.0
Spellcasting   | |  2.6
Hexes          | |  3.6

Action                   || total
-------------------------++-------
Melee: Dagger            ||    33
 Stab: Sleeping          ||     2
Armor: Robe              ||     5
Dodge: Dodged            ||    29
